Map: Abyssal Reef LE

Players

Nerchio

  • Race: Zerg Zerg
  • Spawn Location: 11:00

Semper - Winner!

  • Race: Terran Terran
  • Spawn Location: 5:00

Event: WCS Jonkoping 2017

VOD

Have the link to the VOD?

Description

Time

  • Played on: June 17, 2017, 3:07 p.m.
  • Length: 11:56

All games in this series

Show
View Real Time Build Order
Export as new Build Order

Nerchio Zerg 

Build Orders: Pool First 

Get SALT Encoding   

  12  0:00  Drone  
  13  0:12  Overlord  
  13  0:17  Drone  
  14  0:30  Drone  
  14  0:31  Drone  
  14  0:34  Drone  
  17  0:46  Spawning Pool  
  17  0:49  Drone  
  17  0:56  Drone  
  18  1:03  Extractor  
  17  1:16  Hatchery  
  17  1:18  Drone  
  17  1:32  Queen  
  19  1:34  Zergling x2  
  19  1:37  Drone  
  21  1:41  Drone  
  22  1:49  Overlord  
  22  2:02  Metabolic Boost  
  22  2:08  Queen  
  24  2:10  Drone  
  24  2:13  Drone  
  26  2:21  Drone  
  27  2:29  Queen, Drone  
  28  2:34  Drone  
  30  2:39  Drone x2  
  30  2:41  Drone  
  33  2:49  Overlord  
  33  3:04  Hatchery  
  33  3:05  Zergling x2  
  33  3:07  Zergling x2  
  34  3:15  Drone x3  
  34  3:17  Drone x2  
  39  3:21  Overlord  
  39  3:23  Drone  
  40  3:27  Drone  
  40  3:28  Drone  
  42  3:39  Overlord  
  42  3:40  Roach Warren, Drone  
  42  3:42  Drone  
  42  3:44  Drone  
  42  3:45  Zergling x2  
  43  3:48  Zergling x2  
  43  3:51  Queen  
  46  3:59  Drone  
  46  4:00  Extractor  
  46  4:02  Evolution Chamber  
  45  4:07  Lair  
  45  4:08  Drone  
  45  4:09  Drone x2  
  49  4:10  Drone  
  49  4:12  Drone  
  49  4:13  Drone  
  49  4:16  Spore Crawler  
  50  4:19  Spore Crawler  
  50  4:20  Drone  
  50  4:22  Drone  
  51  4:28  Roach x2  
  57  4:31  Roach  
  57  4:37  Drone x3  
  60  4:40  Spore Crawler  
  60  4:41  Overlord  
  59  4:45  Drone  
  59  4:46  Drone  
  59  4:48  Overlord  
  59  4:50  Overlord  
  61  4:58  Drone x2  
  61  4:59  Drone x2  
  64  5:00  Drone  
  64  5:01  Drone  
  64  5:02  Drone  
  64  5:07  Zerg Ground Armor Level 1  
  66  5:09  Glial Reconstitution  
  66  5:11  Drone  
  66  5:12  Drone  
  68  5:17  Roach  
  68  5:18  Roach  
  72  5:25  Extractor  
  72  5:27  Drone x6  
  72  5:28  Extractor x3  
  74  5:29  Drone  
  74  5:30  Drone  
  74  5:33  Drone x2  
  74  5:34  Drone  
  74  5:35  Drone  
  80  5:39  Drone  
  80  5:40  Infestation Pit  
  80  5:42  Drone x2  
  82  5:44  Drone  
  82  5:45  Drone  
  82  5:46  Drone  
  82  5:48  Drone  
  82  5:49  Drone  
  87  5:50  Drone  
  87  5:53  Overlord  
  87  5:55  Roach  
  90  5:58  Overlord  
  90  6:00  Overlord  
  90  6:11  Overlord x2  
  90  6:12  Evolution Chamber, Roach x2  
  90  6:13  Roach x2  
  97  6:19  Hive  
  97  6:20  Roach  
  97  6:22  Roach x2  
  103  6:30  Hatchery  
  102  6:34  Infestor x2  
  102  6:35  Drone  
  107  6:46  Drone x4  
  111  6:47  Hatchery  
  111  6:48  Drone x2  
  111  6:49  Drone  
  113  6:58  Zerg Melee Weapons Level 1  
  113  6:59  Overlord x3  
  113  7:02  Roach x2  
  117  7:09  Ravager x3  
  117  7:13  Burrow  
  117  7:14  Overlord x2  
  120  7:19  Roach x4  
  120  7:20  Roach x2  
  132  7:23  Roach x2  
  132  7:28  Extractor  
  132  7:34  Roach x5  
  142  7:40  Roach x2  
  142  7:41  Ultralisk Cavern  
  145  7:49  Drone  
  145  7:50  Drone x3  
  149  7:53  Adrenal Glands  
  149  7:57  Overlord  
  149  8:04  Drone x3  
  152  8:06  Overlord  
  152  8:08  Ravager  
  152  8:10  Zerg Ground Armor Level 2  
  152  8:12  Zergling x8  
  157  8:16  Hatchery, Zergling x2  
  157  8:17  Zergling x6  
  160  8:29  Chitinous Plating  
  160  8:30  Ultralisk  
  166  8:40  Spore Crawler x2  
  164  8:45  Overlord x2  
  164  8:46  Overlord x5  
  163  8:52  Extractor  
  162  9:00  Overlord x3  
  161  9:03  Ultralisk  
  161  9:05  Ultralisk  
  161  9:08  Drone x2  
  161  9:09  Pneumatized Carapace  
  175  9:15  Ultralisk  
  181  9:22  Ultralisk  
  187  9:26  Zerg Melee Weapons Level 2  
  187  9:32  Zergling x14  
  187  9:33  Zergling x2  
  187  9:36  Zergling x6  
  194  9:52  Zergling x22  
  186  9:56  Ultralisk Cavern  
  180  10:02  Zergling x8  
  184  10:17  Zergling x2  
  184  10:18  Zergling x14  
  155  10:40  Queen x2  
  155  10:42  Roach x9  
  159  10:46  Ravager x6  
  159  10:48  Ultralisk  
  164  10:52  Ultralisk  
  149  11:06  Ultralisk  
  149  11:09  Zergling x2  
  145  11:21  Hatchery  
  145  11:22  Zergling x2  
  145  11:23  Zergling x4  
  133  11:31  Zergling x8  
  111  11:41  Ravager  
  111  11:42  Ravager  
  111  11:45  Hatchery  
Show
View Real Time Build Order
Export as new Build Order

Semper Terran - Winner!

Build Orders: Reaper Expand, Bio Tank 

Get SALT Encoding   

  12  0:00  SCV  
  13  0:13  SCV  
  14  0:17  Supply Depot  
  14  0:25  SCV  
  15  0:38  SCV  
  15  0:40  Barracks  
  16  0:44  Refinery  
  16  0:51  SCV  
  17  1:03  SCV  
  18  1:15  SCV  
  19  1:27  Orbital Command  
  19  1:28  Reaper  
  20  1:42  Command Center  
  20  1:52  SCV  
  20  1:54  Supply Depot  
  21  1:59  Marine  
  22  2:05  SCV  
  23  2:09  Factory  
  23  2:17  SCV  
  23  2:21  Barracks Reactor  
  24  2:29  SCV  
  24  2:41  Command Center  
  24  2:42  SCV  
  25  2:54  Orbital Command  
  25  2:56  SCV  
  26  3:03  Hellion x2  
  30  3:07  Marine  
  30  3:08  SCV  
  32  3:20  SCV x2  
  32  3:24  Hellion x2  
  38  3:32  SCV  
  38  3:35  SCV  
  38  3:39  Barracks Tech Lab  
  39  3:44  SCV  
  40  3:49  SCV  
  40  3:54  Barracks x2  
  41  3:55  SCV  
  41  3:57  Factory Reactor  
  41  3:59  Marine  
  41  4:00  Stimpack  
  41  4:01  SCV  
  44  4:03  SCV  
  44  4:06  Refinery  
  44  4:09  Engineering Bay  
  45  4:10  Engineering Bay  
  45  4:13  Refinery  
  45  4:14  SCV, Refinery  
  46  4:17  Orbital Command  
  46  4:19  Marine  
  46  4:21  SCV  
  48  4:26  SCV  
  49  4:33  SCV  
  50  4:38  SCV, Supply Depot  
  50  4:43  Starport  
  50  4:44  Marine x2  
  53  4:46  SCV, Factory Reactor  
  53  4:48  SCV  
  53  4:51  Terran Infantry Weapons Level 1  
  53  4:52  Terran Infantry Armor Level 1  
  55  4:57  Orbital Command  
  55  4:58  SCV  
  55  4:59  Marine  
  57  5:01  Marine  
  57  5:02  Supply Depot  
  57  5:04  SCV  
  57  5:05  Marine  
  57  5:06  Marine x2  
  62  5:11  SCV  
  62  5:13  Supply Depot  
  63  5:15  Supply Depot  
  63  5:17  Marine  
  63  5:18  SCV  
  65  5:23  Barracks  
  65  5:25  SCV  
  65  5:27  Medivac x2  
  68  5:30  SCV  
  68  5:32  SCV  
  68  5:34  Factory Tech Lab, Supply Depot  
  70  5:37  SCV  
  70  5:40  Marine  
  70  5:42  Marine, Barracks  
  73  5:43  Marine x2  
  73  5:45  SCV  
  73  5:46  SCV  
  73  5:49  SCV  
  78  5:54  Supply Depot  
  81  5:57  Siege Tank, Supply Depot  
  81  6:03  Marine x2  
  81  6:04  Marine x2  
  85  6:08  SCV x2  
  85  6:10  SCV  
  89  6:14  Barracks Reactor  
  89  6:15  Marauder, Combat Shields  
  90  6:19  Supply Depot  
  90  6:20  SCV x2  
  90  6:21  Marine  
  90  6:22  Medivac  
  90  6:23  SCV, Medivac  
  98  6:29  Marine  
  98  6:30  Marine  
  98  6:32  SCV  
  101  6:35  Supply Depot  
  101  6:36  Armory  
  100  6:40  Marine  
  100  6:41  Marauder, Barracks Tech Lab  
  100  6:42  SCV x2  
  100  6:44  SCV, Refinery  
  100  6:45  Refinery  
  100  6:46  Siege Tank  
  109  6:53  Marine  
  109  6:54  Marine, SCV  
  113  7:01  SCV  
  113  7:02  Marauder  
  113  7:03  Marine  
  113  7:04  Marauder, Marine  
  119  7:08  SCV  
  119  7:09  SCV  
  119  7:12  Supply Depot  
  119  7:13  Factory, Marine, Supply Depot  
  122  7:24  Marauder  
  117  7:37  Marine  
  117  7:38  Marauder, Marine x4  
  117  7:40  Siege Tank, Marine  
  117  7:41  Medivac x2  
  117  7:42  Terran Infantry Armor Level 2, Terran Infantry Weapons Level 2  
  132  7:44  Marine, Supply Depot  
  132  7:45  SCV x2, Supply Depot  
  132  7:55  Marine x4  
  136  7:58  SCV  
  136  7:59  SCV  
  136  8:04  Marauder, Marine  
  141  8:06  SCV  
  141  8:09  Marine x2  
  141  8:10  Factory Tech Lab  
  141  8:11  SCV, Medivac x2  
  141  8:12  Siege Tank  
  152  8:13  Marine  
  152  8:15  Terran Vehicle Weapons Level 1, Supply Depot  
  153  8:28  Command Center  
  153  8:33  Barracks x2  
  153  8:37  Marauder, Marine  
  153  8:38  Liberator x2  
  156  8:41  Marine x2  
  156  8:42  Marauder  
  156  8:44  Siege Tank  
  156  8:45  Siege Tank  
  166  8:55  Marine  
  162  8:59  Marauder  
  170  9:02  Supply Depot x2  
  170  9:03  Marine  
  170  9:04  Marauder  
  173  9:17  Siege Tank, Marine x2  
  173  9:19  Siege Tank  
  173  9:24  Marauder, Marine  
  181  9:25  Marauder, Barracks Tech Lab  
  181  9:26  Liberator, Barracks Tech Lab  
  186  9:38  Medivac  
  186  9:41  Marine  
  186  9:42  Marine  
  186  9:45  Marine x2  
  195  9:46  Marauder x2, Marine x2  
  195  9:49  Siege Tank  
  195  9:51  Siege Tank, Liberator  
  195  9:52  Marine  
  186  10:01  Marauder, Marine x2  
  186  10:03  Marine  
  186  10:05  Refinery x2  
  193  10:07  Marauder  
  193  10:13  Marauder, Marine x2  
  197  10:14  Marauder, Marine  
  200  10:24  Engineering Bay  
  200  10:28  Engineering Bay  
  196  10:31  Siege Tank  
  196  10:32  Marauder, Marine  
  197  10:38  Marauder, Marine x2  
  188  10:43  Marine  
  188  10:45  Siege Tank  
  192  10:50  Marine x2  
  192  10:51  Marauder  
  192  10:52  Marine x2  
  192  10:54  Marauder  
  199  10:57  Marine x2  
  199  11:00  Marine  
  199  11:02  Marine  
  194  11:06  Siege Tank  
  194  11:08  Marine x2  
  194  11:11  Marauder  
  189  11:12  Marauder  
  189  11:15  Marauder, Marine x2  
  189  11:16  Marine, Medivac x2  
  181  11:29  Marine  
  181  11:32  Marauder  
  170  11:33  Marine x5  
  170  11:34  Marauder  
Tags
 
Add a new tag
Caveats
  • Supply blocks, unpowered buildings, or Contaminate may cause inaccurate times.
  • Supply counts are checked every 10 seconds.